 Dungeon Crawl Stone Soup version 0.21-a0-442-g848f44b (webtiles) character file.

57 Gildeon the Firebug (level 3, 0/19 HPs)
             Began as a Deep Elf Fire Elementalist on Nov 15, 2017.
             Killed from afar by Sigmund (6 damage)
             ... with a magic dart
             ... on level 2 of the Dungeon.
             The game lasted 00:11:29 (964 turns).

Gildeon the Firebug (Deep Elf Fire Elementalist)     Turns: 964, Time: 00:11:29

Health: 0/19       AC:  2    Str:  5    XL:     3   Next: 73%
Magic:  3/9        EV: 13    Int: 20    God:
Gold:   125        SH:  0    Dex: 15    Spells: 2/8 levels left

rFire    . . .     SeeInvis .   j - +0 short sword (speed)
rCold    . . .     Gourm    .   (no shield)
rNeg     . . .     Faith    .   a - +0 robe
rPois    .         Spirit   .   (no helmet)
rElec    .         Reflect  .   (no cloak)
rCorr    .         Harm     .   (no gloves)
MR       .....                  (no boots)
Stlth    ++........             (no amulet)
HPRegen  0.06/turn              (no ring)
MPRegen  0.11/turn              (no ring)

@: no status effects
A: no striking features
a: no special abilities


You were on level 2 of the Dungeon.
You were not hungry.

You visited 1 branch of the dungeon, and saw 2 of its levels.

You collected 125 gold pieces.

Inventory:

Hand Weapons
 j - a +0 short sword of speed (weapon)
Armour
 a - a +0 robe (worn)
Scrolls
 f - a scroll of remove curse
Potions
 g - a potion of cancellation
 i - a potion of curing
Books
 b - a book of Flames

   Spells                             Type                      Level
   a - Flame Tongue                   Conjuration/Fire             1
   b - Throw Flame                    Conjuration/Fire             2
   c - Conjure Flame                  Conjuration/Fire             3
   d - Inner Flame                    Hexes/Fire                   3
   e - Sticky Flame                   Conjuration/Fire             4
   f - Fireball                       Conjuration/Fire             5
Comestibles
 c - 2 bread rations
 d - 6 chunks of flesh
 k - 3 fruits


   Skills:
 - Level 2.4 Dodging
 - Level 2.4 Stealth
 - Level 3.0 Spellcasting
 + Level 1.7 Conjurations
 - Level 5.0 Fire Magic


You had 2 spell levels left.
You knew the following spells:

 Your Spells              Type           Power        Failure   Level  Hunger
a - Flame Tongue          Conj/Fire      ###..        3%          1    None
b - Throw Flame           Conj/Fire      ###...       5%          2    ##.....
c - Conjure Flame         Conj/Fire      ###.....     11%         3    ###....


Dungeon Overview and Level Annotations

Branches:
Dungeon (2/15)

Altars:

Annotations:
D:2 Sigmund


Message History

A magic dart appears from out of thin air!
The magic dart hits you!
You bump into the rock wall.
You're too confused to move!
A puff of flame appears from out of thin air!
The puff of flame misses you.
You bump into the rock wall.
You feel less confused.
Something tries to affect you, but you resist.
You are confused.
You bump into the rock wall.
A puff of flame appears from out of thin air!
The puff of flame hits you!
* * * LOW HITPOINT WARNING * * *
Something barely misses you.
You're too confused to cast spells.
You feel less confused.
A magic dart appears from out of thin air!
The magic dart hits you!
You die...

#......รท.####
#######.#### ###
#......# #...
#.#.##.# ...
#.#.##.# #.# .#..
#.#.##.##....# .
#.###.#.......#
#.###.
#.......#.##....#
#.##.## ##@#....#.#
##.#
#.##..###.##......#
#.##...#.###......#
#.##.##..# ###.####
#........# #.#
##.##.##### #.#
#.#...# #+##
##.#### #...##
#.#### #.....#


There were no monsters in sight!

Vanquished Creatures
  3 adders (D:2)
  2 dart slugs (D:1)
  A leopard gecko (D:2)
  2 bats (D:2)
  A giant cockroach (D:2)
  2 goblins (D:1)
  3 hobgoblins
  3 jackals (D:2)
  2 frilled lizards
  5 kobolds
  2 rats (D:2)
26 creatures vanquished.

Notes
Turn   | Place    | Note
-------+----------+-------------------------------------------
     0 | D:1      | Gildeon the Deep Elf Fire Elementalist began the quest for the Orb.
     0 | D:1      | Reached XP level 1. HP: 10/10 MP: 6/6
   163 | D:1      | Reached XP level 2. HP: 14/15 MP: 6/8
   172 | D:1      | Learned a level 2 spell: Throw Flame
   200 | D:1      | Reached skill level 4 in Fire Magic
   641 | D:2      | Reached XP level 3. HP: 18/19 MP: 4/9
   652 | D:2      | Learned a level 3 spell: Conjure Flame
   838 | D:2      | Reached skill level 5 in Fire Magic
   929 | D:2      | Noticed Sigmund
   964 | D:2      | Killed from afar by Sigmund

Vault maps used:
D:1:      lightli_arrival_statue_moat
D:2:      overflow_temple_1_default, hangedman_abyss_or_decor_lesser_grid,
          uniq_sigmund

Skill      XL: |  1  2  3 |
---------------+----------+-----
Fire Magic     | 4 5 |  5.0
Dodging        | |  2.4
Stealth        | |  2.4
Spellcasting   | |  3.0
Conjurations   | |  1.7

Action                   || total
-------------------------++-------
Melee: Short sword       ||     2
 Cast: Flame Tongue      ||    26
       Throw Flame       ||    20
  Use: Scroll            ||     5
  Eat: Chunk             ||     1
Armor: Robe              ||     3
Dodge: Dodged            ||    10

Table legend:
 A = Spawn XP
 B = Non-spawn XP
 C = Spawn XP percentage of total XP
 D = Spawn monster count
 E = Non-spawn monster count
 F = Spawn count percentage of total count
 G = Total turns spent on level
                    A         B        C        D         E        F      G
               +---------+---------+-------+---------+---------+-------+---------
         Total |       0 |      82 |   0.0 |       0 |      26 |   0.0 |   964
               +---------+---------+-------+---------+---------+-------+---------
           D:1 |       0 |      20 |   0.0 |       0 |      10 |   0.0 |   522
           D:2 |       0 |      62 |   0.0 |       0 |      16 |   0.0 |   442
               +---------+---------+-------+---------+---------+-------+---------
